AoeStats
← [RAT] G0rm

MegaRandom

508322774Analyzed
4v4 RM · 11d ago on Sep 21, 2026· 27m 6s· 8 players
Game mode
Random Map
Map size
Large (8 player)
Population
200
Speed
Normal
Resources
Standard
Victory
Conquest
Starting age
Dark Age
Ending age
Imperial Age
RankedLock teamsTeams togetherTeam positionsShared explorationLock speedFull tech treeHidden civsTurbo modeCheats
Victory
Defeat
🇦🇷 Tupi · Argentina
1917
+6
🇧🇪 Persians · Belgium
1857
+7
🇦🇷 Vietnamese · Argentina
1740
+11
🇲🇽 Khmer · Mexico
1698
+13
🇲🇽 Persians · Mexico
1819
-15
🇺🇸 Wei · United States
1642
-9
🇺🇸 Huns · United States
1624
-8
🇷🇴 Japanese · Romania
1487
-5
UXKEKO
3:50 Loom
6:31 Loom
8:51 Feudal Age
9:19 Double-Bit Axe
9:17 Horse Collar
16:53 Wheelbarrow
17:13 Scale Barding Armor
18:04 Forging
19:23 Bloodlines
23:18 Castle Age
21:22 Gold Mining
24:21 Chain Barding Armor
24:19 Bow Saw
24:22 Town Watch
24:56 Husbandry
UA | NanitoCba
7:16 Loom
9:28 Feudal Age
12:51 Fletching
20:23 Padded Archer Armor
24:32 Castle Age
22:25 Double-Bit Axe
22:47 Gold Mining
23:45 Horse Collar
25:18 Bodkin Arrow
24:44 Crossbowman
26:42 Ballistics
Chaos
6:35 Loom
9:05 Feudal Age
9:32 Double-Bit Axe
11:48 Scale Barding Armor
22:15 Castle Age
21:05 Bloodlines
21:15 Forging
20:59 Gold Mining
23:22 Chain Barding Armor
24:56 Husbandry
25:38 Bow Saw
Gary_zZ
8:31 Loom
10:17 Feudal Age
14:39 Castle Age
13:27 Double-Bit Axe
15:35 Fletching
18:19 Bodkin Arrow
21:25 Bow Saw
22:42 Padded Archer Armor
24:02 Ballistics
23:55 Horse Collar
24:08 Gold Mining
24:14 Gold Mining
26:43 Wheelbarrow
[RAT] Spencer
6:07 Loom
8:41 Feudal Age
9:35 Double-Bit Axe
9:41 Horse Collar
20:17 Scale Barding Armor
23:34 Bloodlines
27:26 Castle Age
25:51 Gold Mining
26:46 Stone Mining
Arcy
6:05 Loom
8:35 Feudal Age
9:11 Double-Bit Axe
9:55 Horse Collar
12:46 Scale Barding Armor
15:24 Forging
18:12 Wheelbarrow
21:45 Castle Age
20:37 Bloodlines
21:31 Gold Mining
21:33 Light Cavalry
22:40 Chain Barding Armor
26:58 Husbandry
[RAT] G0rm
6:38 Loom
9:38 Feudal Age
10:44 Double-Bit Axe
11:33 Fletching
17:04 Wheelbarrow
21:38 Castle Age
21:40 Crossbowman
23:00 Bodkin Arrow
24:56 Padded Archer Armor
Benedict Cucumberpatch
5:00 Loom
10:59 Feudal Age
16:44 Fletching
Connection lost

Rejoining the realm…

Still unreachable

The connection could not be restored.

Session expired

The server has moved on; the page needs a fresh start.